AoeStats
← berenjena06

Lombardia

510235471Analyzed
3v3 RM · 1d ago on Sep 30, 2026· 31m 31s· 6 players
Game mode
Random Map
Map size
Normal (6 player)
Population
200
Speed
Normal
Resources
Standard
Victory
Conquest
Starting age
Dark Age
Ending age
Imperial Age
RankedLock teamsTeams togetherTeam positionsShared explorationLock speedFull tech treeHidden civsTurbo modeCheats
Victory
Defeat
🇦🇷 Cumans · Argentina
1158
+15
🇦🇷 Aztecs · Argentina
1150
+16
🇦🇷 Portuguese · Argentina
1135
+16
🇦🇷 Romans · Argentina
1156
-16
🇦🇷 Huns · Argentina
1145
-16
🇦🇷 Magyars · Argentina
1127
-15
Krgoso
7:20 Loom
11:07 Feudal Age
12:07 Double-Bit Axe
23:43 Castle Age
24:52 Fletching
25:31 Bow Saw
25:41 Bloodlines
25:04 Light Cavalry
26:30 Bodkin Arrow
26:47 Gold Mining
28:41 Padded Archer Armor
30:35 Husbandry
BIG TUCA
11:03 Feudal Age
12:14 Loom
12:30 Double-Bit Axe
21:01 Castle Age
19:13 Stone Mining
20:03 Bloodlines
20:14 Forging
22:05 Husbandry
tio huscarle
10:58 Feudal Age
10:06 Loom
18:10 Castle Age
16:00 Double-Bit Axe
16:29 Horse Collar
18:55 Bloodlines
21:10 Bow Saw
22:16 Scale Barding Armor
22:55 Wheelbarrow
29:07 Forging
Sadicomane
7:25 Loom
9:50 Feudal Age
10:20 Town Watch
13:02 Double-Bit Axe
18:08 Wheelbarrow
22:03 Castle Age
21:51 Bloodlines
21:47 Scale Barding Armor
21:55 Forging
21:29 Horse Collar
25:58 Chain Barding Armor
30:02 Iron Casting
LaBestiaPOP8861
2:13 Loom
11:29 Feudal Age
15:34 Castle Age
15:48 Gold Mining
15:43 Double-Bit Axe
berenjena06
5:53 Loom
10:45 Feudal Age
10:50 Man-at-Arms
11:29 Double-Bit Axe
16:16 Horse Collar
24:29 Castle Age
23:37 Gold Mining
23:57 Scale Mail Armor
24:48 Forging
25:43 Chain Mail Armor
25:08 Pikeman
29:02 Redemption
Connection lost

Rejoining the realm…

Still unreachable

The connection could not be restored.

Session expired

The server has moved on; the page needs a fresh start.